 Seeded DCSS version 0.27-a0-633-gc6addc0a40 (webtiles) character file.

Game seed: 11134652664316618612 (custom seed)

4592 Ajencis the Frost Mage (level 10, -2/77 HPs)
             Began as a Barachi Ice Elementalist on Mar 12, 2021.
             Was a High Priest of Sif Muna.
             Splashed by Maurice's acid (14 damage)
             ... on level 8 of the Dungeon on Mar 13, 2021.
             The game lasted 00:26:57 (9863 turns).

Ajencis the Frost Mage (Barachi Ice Elementalist)   Turns: 9863, Time: 00:26:59

Health: -2/77      AC:  3    Str:  6 (9)  XL:     10   Next: 41%
Magic:  9/19       EV: 14    Int: 23 (24) God:    Sif Muna [*****.]
Gold:   593        SH:  0    Dex: 11 (14) Spells: 10/21 levels left

rFire    . . .     SeeInvis .   r - staff of cold
rCold    + . .     Faith    .   (no shield)
rNeg     + . .     Spirit   .   b - +2 robe {rN+}
rPois    .         Reflect  .   (no helmet)
rElec    .         Harm     .   (no cloak)
rCorr    .         Rampage  .   (no gloves)
Will     .....                  h - +2 pair of boots
Stlth    ++........             z - amulet of magic regeneration
HPRegen  0.22/turn              j - +6 ring of intelligence
MPRegen  0.41/turn              (no ring)

@: corroded, frozen ramparts, slow
A: +LOS, amphibious, slowness 1, strong legs 1
a: Hop, Renounce Religion, Channel Magic, Forget Spell, Divine Exegesis


You were on level 8 of the Dungeon.
You worshipped Sif Muna.
Sif Muna was extremely pleased with you.
You visited 2 branches of the dungeon, and saw 9 of its levels.
You also visited: Sewer and Ossuary.

You collected 593 gold pieces.

Inventory:

Armour
 b - a +2 robe of positive energy (worn)
 h - a +2 pair of boots (worn)
Magical Staves
 r - a staff of cold (weapon)
Jewellery
 j - a +6 ring of intelligence (right hand)
 l - a ring of willpower
 n - an amulet of guardian spirit
 o - a ring of resist corrosion
 z - an amulet of magic regeneration (around neck)
Wands
 y - a wand of charming (8)
 A - a wand of flame (9)
Scrolls
 a - a scroll of magic mapping {unknown}
 c - a scroll of fear
 g - a scroll of fog
 k - 2 scrolls of teleportation
 s - 4 scrolls of amnesia
 u - a scroll of blinking
 C - a scroll of enchant armour
Potions
 d - 4 potions of might
 e - a potion of haste
 f - 3 potions of berserk rage
 i - 3 potions of heal wounds
 m - 3 potions of flight
 p - a potion of brilliance {unknown}
 q - a potion of lignification {unknown}
 v - 4 potions of curing
 w - a potion of cancellation {unknown}
 x - a potion of resistance {unknown}


   Skills:
 + Level 6.8 Fighting
 + Level 6.9 Armour
 + Level 6.6 Dodging
 - Level 1.7 Stealth
 + Level 6.2 Spellcasting
 + Level 1.5 Conjurations
 + Level 8.3 Summonings
 * Level 8.5 Ice Magic


You had 10 spell levels left.
You knew the following spells:

 Your Spells              Type           Power      Damage    Failure   Level
a - Hailstorm             Conj/Ice       45%        3d10      11%         4
b - Frozen Ramparts       Ice            100%       1d12      1%          3
c - Summon Ice Beast      Ice/Summ       62%        N/A       2%          4

Your spell library contained the following spells:

 Spells                   Type           Power      Damage    Failure   Level
 Freeze                   Ice            100%       1d11      1%          1
 Call Canine Familiar     Summ           45%        N/A       1%          3
 Ozocubu's Armour         Ice            63%        N/A       1%          3
 Simulacrum               Ice/Necr       20%        N/A       91%         6
 Ozocubu's Refrigeration  Ice            31%        4d11      91%         7
 Summon Hydra             Summ           22%        N/A       92%         7


Dungeon Overview and Level Annotations

Branches:
Dungeon (8/15)             Temple (1/1) D:5           Sewer (visited)
Ossuary (visited)
   Lair: D:8-11

Altars:
Ashenzari
Cheibriados
Dithmenos
Elyvilon
Fedhas
Gozag
Hepliaklqana
Kikubaaqudgha
Makhleb
Nemelex Xobeh
Okawaru
Qazlal
Ru
Sif Muna
Trog
Uskayaw
Vehumet
Xom
Yredelemnul
Zin
The Shining One

Shops:
D:8 [

Annotations:
D:8 Maggie, Maurice


Innate Abilities, Weirdness & Mutations

You can be seen from farther away. (+LOS)
You are amphibious.
You cover ground slowly.
You can hop short distances.


Message History

Press: ? - help, Dir - look around, f - activate You feel a surge of power!
The walls around you are covered in ice.
A stone appears from out of thin air!
The stone hits your ice beast.
The wall freezes something.
The wall freezes something.
Something barely misses your ice beast.
The wall freezes something.
Something hits your ice beast.
The wall freezes something!
Something closely misses your ice beast.
The wall freezes something!
Something completely misses your ice beast.
The frozen ramparts melt away.
A stone appears from out of thin air!
The stone barely misses your ice beast. The stone hits you but does no damage.
Casting: Frozen Ramparts (safe; 1% risk of failure)
Confirm with . or Enter, or press ? or * to list all spells.
Casting: Frozen Ramparts (safe; 1% risk of failure)
Press: ? - help, Dir - look around, f - activate You feel a surge of power!
The walls around you are covered in ice.
The wall freezes something.
A stone appears from out of thin air!
The stone hits your ice beast.
The wall freezes something.
Something hits your ice beast. Something drains your ice beast.
The wall freezes something!
Something hits your ice beast.
The wall freezes something.
You hear a zap.
A bolt of acid appears from out of thin air!
The bolt of acid hits your ice beast!!
Your ice beast is splashed with acid.
The acid corrodes your ice beast! The bolt of acid misses you.
The wall freezes something.
Something hits your ice beast!
Your ice beast dies!
The wall freezes something.
You hear some strange, mumbled words.
The wall freezes something!
You hear a zap.
A bolt of acid appears from out of thin air!
The bolt of acid hits you!!
* * * LOW HITPOINT WARNING * * *
The acid corrodes you!
You are splashed with acid!
You die...

.....>..............^##
.......#.###...##....#
.......##..>....#.....
........ ...........#.
####..#...#.####.#..###
#..#..##.# #[#.....
...# ##.####.....
......#..#..YY#
...........{.@#
######....##### ###..#
<...# ...... .........
.[........ ..[........
............


You could see 2 friendly ice beasts.

Vanquished Creatures
  Harold (D:7)
  A hornet (D:7)
  A sky beast (D:6)
  7 ogres
  A black bear (D:8)
  An orc warrior (D:4)
  7 kobold brigands (Sewer)
  17 killer bees
  A howler monkey (D:6)
  A centaur zombie (D:6)
  2 bullfrog skeletons
  3 orc priests
  2 hounds (D:6)
  A centaur skeleton (D:7)
  Terence (D:2)
  Natasha (thrice) (D:2)
  3 iguanas
  9 orc wizards
  3 worker ants
  A mummy (Ossuary)
  Robin (D:2)
  5 gnolls (D:3)
  4 river rats (Sewer)
  13 adders
  A white imp (D:6)
  3 ufetubi (D:6)
  6 oozes
  3 worms
  11 leopard geckos
  21 orcs
  8 giant cockroaches
  14 goblins
  9 hobgoblins
  11 kobolds
  3 quokkas
  4 ball pythons
  11 bats
  6 frilled lizards
  A leopard gecko skeleton (D:4)
  11 rats
212 creatures vanquished.

Vanquished Creatures (collateral kills)
  Sigmund (D:5)
  An ice beast (D:7)
  Blork the orc (D:5)
  5 killer bees
  A centaur zombie (D:5)
  A centaur skeleton (D:8)
  A hound (D:8)
  An iguana (D:7)
  2 orc wizards (D:6)
  7 mummies (Ossuary)
  An adder (D:6)
  A howler monkey skeleton (D:7)
  2 white imps
  A leopard gecko (D:5)
  An orc (D:6)
  A kobold (D:8)
  2 gnoll zombies (Ossuary)
  A hobgoblin zombie (Ossuary)
  3 kobold zombies (Ossuary)
  2 orc zombies (Ossuary)
  2 quokka skeletons
38 creatures vanquished.

Vanquished Creatures (others)
  A hound (D:8)
  9 plants (D:6)
10 creatures vanquished.

Grand Total: 260 creatures vanquished

Notes
Turn   | Place    | Note
-------+----------+-------------------------------------------
     0 | D:1      | Ajencis the Barachi Ice Elementalist began the quest for
                  | the Orb.
     0 | D:1      | Reached XP level 1. HP: 13/13 MP: 3/3
   164 | D:1      | Reached XP level 2. HP: 15/20 MP: 1/5
   399 | D:1      | Reached skill level 5 in Ice Magic
   462 | D:1      | Reached skill level 1 in Armour
   497 | D:1      | Reached skill level 1 in Fighting
   744 | D:2      | Reached XP level 3. HP: 22/26 MP: 3/6
   753 | D:2      | Found a radiant altar of Vehumet.
   753 | D:2      | Found a stormy altar of Qazlal.
   754 | D:2      | Found a shimmering blue altar of Sif Muna.
   760 | D:2      | Became a worshipper of Sif Muna the Loreminder
   769 | D:2      | Learned a level 3 spell: Frozen Ramparts
   785 | D:2      | Noticed Natasha
   788 | D:2      | Killed Natasha
   932 | D:2      | Noticed Natasha
   946 | D:2      | Killed Natasha
   947 | D:2      | Reached XP level 4. HP: 32/33 MP: 4/8
  1064 | D:2      | Noticed Terence
  1068 | D:2      | Killed Terence
  1201 | D:2      | Noticed Robin
  1205 | D:2      | Reached XP level 5. HP: 38/38 MP: 5/9
  1210 | D:2      | Killed Robin
  1499 | D:2      | Noticed Natasha
  1516 | D:2      | Killed Natasha
  2413 | D:3      | Reached * piety under Sif Muna
  2554 | D:3      | Found a hazy altar of Hepliaklqana.
  2575 | D:3      | Reached XP level 6. HP: 39/46 MP: 6/10
  3295 | D:4      | Noticed an orc warrior
  3322 | D:4      | Learned a level 4 spell: Summon Ice Beast
  3338 | D:4      | Reached skill level 1 in Summonings
  3408 | D:4      | Reached XP level 7. HP: 52/52 MP: 9/12
  3778 | D:4      | Reached ** piety under Sif Muna
  4033 | D:4      | Reached XP level 8. HP: 33/60 MP: 11/14
  4546 | D:5      | Entered Level 5 of the Dungeon
  4659 | D:5      | Noticed Blork the orc
  4666 | D:5      | Killed Blork the orc
  4849 | D:5      | Found a stormy altar of Qazlal.
  5121 | D:5      | Found a staircase to the Ecumenical Temple.
  5129 | Temple   | Entered the Ecumenical Temple
  5363 | D:5      | Noticed Sigmund
  5372 | D:5      | Killed Sigmund
  6291 | D:6      | Found a glowing drain.
  6294 | D:6      | Upgraded the game from 0.27-a0-604-g29a88b33a7 to
                  | 0.27-a0-633-gc6addc0a40
  6295 | Sewer    | Entered a sewer
  6319 | Sewer    | Reached skill level 5 in Summonings
  6459 | Sewer    | Reached skill level 5 in Dodging
  6586 | Sewer    | Reached *** piety under Sif Muna
  6587 | Sewer    | Reached skill level 5 in Armour
  6786 | Sewer    | Reached skill level 5 in Fighting
  6786 | Sewer    | Reached XP level 9. HP: 66/68 MP: 14/16
  6818 | Sewer    | Reached skill level 5 in Spellcasting
  7301 | D:6      | Reached **** piety under Sif Muna
  7599 | D:6      | Found a hide-covered altar of Uskayaw.
  8266 | D:7      | Noticed Harold
  8276 | D:7      | Noticed a hornet
  8282 | D:7      | Killed a hornet
  8283 | D:7      | Killed Harold
  8284 | D:7      | Reached XP level 10. HP: 27/77 MP: 4/18
  8572 | D:7      | Found a sand-covered staircase.
  8612 | Ossuary  | Entered an ossuary
  8831 | Ossuary  | Learned a level 4 spell: Hailstorm
  9210 | D:7      | Reached skill level 1 in Conjurations
  9274 | D:7      | Reached ***** piety under Sif Muna
  9529 | D:8      | Identified Sif Muna's Collected Works on Calling and the
                  | Glacier (Sif Muna gifted it to you on level 8 of the
                  | Dungeon)
  9529 | D:8      | Received a gift from Sif Muna
  9542 | D:8      | Found Piuqippiu's Armour Emporium.
  9553 | D:8      | Noticed Maggie
  9727 | D:8      | Noticed Maurice
  9732 | D:8      | HP: 1/77 [acid (12)]
  9863 | D:8      | Splashed by Maurice's acid

Illustrated notes

Levels and vault maps discovered:
D:1:      dpeg_arrival_rooms_b, layout_rooms, hangedman_decor_growths
D:2:      layout_basic, gammafunk_temple_overflow_claw, nrook_campfire,
          minmay_pentomino_u2, uniq_robin, uniq_natasha, uniq_terence
D:3:      minmay_diamond_boxcup, layout_loops_ring, general_overflow_altar
D:4:      layout_rooms
D:5:      layout_basic, minmay_temple_entry_glassed_door, basic_altar,
          nrook_loot_triangle, minmay_misc_feat_nine_boxes,
          corexii_hall_statues_l, uniq_sigmund, uniq_blork_the_orc
D:6:      layout_gridville, nicolae_overflow_crystal_walls,
          gup_sewer_entry_bowl, minmay_lizard_king
D:7:      layout_rooms, nicolae_ossuary_entry_monument, uniq_harold
D:8:      layout_cave_pools, serial_shops, shop, trog_book, uniq_maggie,
          uniq_maurice
Temple:   eino_temple_rhombus

Skill      XL: |  1  2  3  4  5  6  7  8  9 10 |
---------------+-------------------------------+-----
Ice Magic      | 5 6 7 8 |  8.5
Armour         | 1 2 3 4 5 6 |  6.9
Fighting       | 1 2 3 4 5 6 |  6.8
Dodging        | 3 4 5 6 |  6.6
Spellcasting   | 3 4 5 6 |  6.2
Summonings     | 2 3 5 7 8 |  8.3
Conjurations   | 1 |  1.5
Stealth        | |  1.7

Action                   |  1- 3 |  4- 6 |  7- 9 | 10-12 || total
-------------------------+-------+-------+-------+-------++-------
Melee: Unarmed           |     6 |    23 |       |       ||    29
       Staff             |       |    66 |   228 |    60 ||   354
 Cast: Freeze            |    27 |       |       |       ||    27
       Frozen Ramparts   |     2 |    24 |    50 |    12 ||    88
       Summon Ice Beast  |       |       |    16 |    26 ||    42
 Abil: Hop               |       |       |     1 |       ||     1
  Use: Scroll            |       |       |    12 |     4 ||    16
       Potion            |       |       |     1 |     4 ||     5
 Stab: Sleeping          |       |     3 |       |       ||     3
       Distracted        |       |       |     1 |       ||     1
Armor: Robe              |     7 |    27 |    68 |    14 ||   116
Dodge: Dodged            |    20 |   104 |   210 |    51 ||   385

Table legend: (Time is in decaauts)
 A = Elapsed time spent in this place.
 B = Non-inter-level travel time spent in this place.
 C = Inter-level travel time spent in this place.
 D = Time resting spent in this place.
 E = Time spent auto-exploring this place.
 F = Levels seen in this place.
 G = Mean time per level.
                   A        B        C        D        E       F      G
               +--------+--------+--------+--------+--------+-----+--------+
         Total |  10903 |  10655 |    248 |    284 |   7602 |  11 |  991.2 |
       Dungeon |   9515 |   9274 |    241 |    284 |   6714 |   8 | 1189.4 |
        Temple |    259 |    252 |      7 |      0 |    229 |   1 |  259.0 |
         Sewer |    893 |    893 |      0 |      0 |    595 |   1 |  893.0 |
       Ossuary |    235 |    235 |      0 |      0 |     63 |   1 |  235.0 |
               +--------+--------+--------+--------+--------+-----+--------+

Top non-repeatable levels by time:
     D:5: 1675 daAuts
     D:2: 1633 daAuts
     D:6: 1360 daAuts
     D:4: 1352 daAuts
     D:3: 1205 daAuts
     D:7: 1125 daAuts
   Sewer: 893 daAuts
     D:1: 810 daAuts
     D:8: 350 daAuts
  Temple: 259 daAuts
 Ossuary: 235 daAuts
